 Dungeon Crawl Stone Soup version 0.21.1-1-g345015fe64 (webtiles) character file.

31247 Bapho the Protected (level 13, -13/174 HPs)
             Began as a Hill Orc Fighter on June 7, 2018.
             Was a High Priest of Trog.
             Hit by a large rock thrown by a cyclops (28 damage)
             ... on level 13 of the Dungeon.
             The game lasted 00:43:27 (16814 turns).

Bapho the Protected (Hill Orc Fighter)             Turns: 16814, Time: 00:43:27

Health: -13/174    AC: 32    Str: 26    XL:     13   Next: 56%
Magic:  0/13       EV:  5    Int: 13    God:    Trog [*****.]
Gold:   586        SH:  0    Dex: 10    Spells: 12/12 levels left

rFire    + + .     SeeInvis .   a - +8 broad axe "Dyddil" {protect, rElec rPois MR+}
rCold    + + +     Gourm    +   (no shield)
rNeg     + . .     Faith    .   Y - +1 gold dragon scales "Teotorpha" {*Drain rPois rF+ rC+ Regen+ Int+2}
rPois    +         Spirit   +   w - +1 helmet {Int+3}
rElec    +         Reflect  .   F - scarf {Spirit}
rCorr    .         Harm     .   Q - +0 pair of gloves
MR       +++..                  P - +0 pair of boots
Stlth    ..........             U - amulet of the gourmand
HPRegen  1.79/turn              Z - ring of positive energy
MPRegen  0.13/turn              V - ring "Pyaj" {rPois rF+ rC+++ EV-2 Dex-3} (curse)

@: berserking (expiring), protection aura, regenerating, very quick
A: no striking features
a: Berserk, Trog's Hand, Brothers in Arms, Burn Spellbooks, Renounce Religion


You were on level 13 of the Dungeon.
You worshipped Trog.
Trog was extremely pleased with you.
You were not hungry.

You visited 2 branches of the dungeon, and saw 14 of its levels.
You also visited: Labyrinth and Ossuary.

You collected 671 gold pieces.
You spent 85 gold pieces at shops.

Inventory:

Hand Weapons
 a - the +8 broad axe "Dyddil" (weapon) {protect, rElec rPois MR+}
   (You took it off a minotaur in a labyrinth)

   It protects the one who uses it against injury (+AC on strike).
   It insulates you from electricity.
   It protects you from poison.
   It affects your resistance to hostile enchantments.
 b - the +6 hunting sling of Outrage {flame, +Blink rC+}
   (You took it off a minotaur in a labyrinth)

   It causes projectiles fired from it to burn those they strike, causing extra
   injury to most foes and up to half again as much damage against particularly
   susceptible opponents.
   It protects you from cold.
   It lets you blink.
Missiles
 h - 111 sling bullets
Armour
 w - a +1 helmet of intelligence (worn)
 F - a scarf of spirit shield (worn)
 P - a +0 pair of boots (worn)
 Q - a +0 pair of gloves (worn)
 Y - the +1 gold dragon scales "Teotorpha" (worn) {*Drain rPois rF+ rC+ Regen+ Int+2}
   (You took it off a minotaur in a labyrinth)

   It affects your intelligence (+2).
   It protects you from fire.
   It protects you from cold.
   It protects you from poison.
   It increases your rate of regeneration.
   It causes draining when unequipped.
Jewellery
 q - a cursed ring of teleportation {unknown}
 U - an amulet of the gourmand (around neck)
 V - the cursed ring "Pyaj" (right hand) {rPois rF+ rC+++ EV-2 Dex-3}
   (You took it off a minotaur in a labyrinth)

   [ring of evasion]

   It affects your evasion (-2).
   It affects your dexterity (-3).
   It protects you from fire.
   It renders you almost immune to cold.
   It protects you from poison.
   It has a curse placed upon it.
 Z - a ring of positive energy (left hand)
Wands
 p - a wand of flame (45)
 s - a wand of acid (16)
 u - a wand of digging (15)
 y - a wand of iceblast (4)
 z - a wand of disintegration (21)
 C - a wand of clouds (10)
 S - a wand of random effects (87)
 X - a wand of scattershot (5)
Scrolls
 c - 2 scrolls of enchant weapon
 j - a scroll of silence {unknown}
 k - a scroll of fog
 l - 2 scrolls of identify
 n - 11 scrolls of remove curse
 B - 5 scrolls of teleportation
 G - a scroll of enchant armour
 I - a scroll of random uselessness {unknown}
 J - 2 scrolls of summoning
 K - a scroll of blinking
 T - a scroll of magic mapping {unknown}
 W - a scroll of fear {unknown}
Potions
 d - 3 potions of might
 e - 3 potions of curing
 g - a potion of haste
 m - 2 potions of invisibility
 o - a potion of magic
 r - 2 potions of cancellation
 v - 4 potions of brilliance
 x - 3 potions of resistance
 D - 2 potions of heal wounds
Books
 i - a book of Cantrips

   Spells                             Type                      Level
   a - Confusing Touch                Hexes                        1
   b - Animate Skeleton               Necromancy                   1
   c - Summon Small Mammal            Summoning                    1
   d - Apportation                    Translocation                1
   Trog disapproves of the use of such an item.
Comestibles
 f - 23 rations


   Skills:
 + Level 11.1 Fighting
 - Level 10.9 Axes
 * Level 9.8 Slings
   Level 9.0 Bows
 - Level 12.9 Armour
 - Level 4.8 Dodging
   Level 3.2 Shields


You had 12 spell levels left.
You didn't know any spells.

Dungeon Overview and Level Annotations

Branches:
Dungeon (13/15)            Temple (1/1) D:4            Lair (0/6) D:9
    Orc (0/2) D:11
 Vaults: D:13-14

Altars:
Cheibriados
Dithmenos
Elyvilon
Gozag
Hepliaklqana
Okawaru
Qazlal
Trog
Wu Jian
Xom
Yredelemnul
Zin
The Shining One
Beogh

Shops:
D:6 [   D:8 }   D:10 [   D:12 ?   D:13 !


Message History

You slice the orc knight!!
You kill the orc knight!
Trog accepts your kill.
The orc warrior hits you from afar with a halberd of venom!
* * * LOW HITPOINT WARNING * * *
The cyclops throws a large rock.
The large rock hits you!
* * * LOW HITPOINT WARNING * * *
The orc warrior hits you but does no damage.
Things that are here:
a giant club x2; a two-headed ogre skeleton You slash the orc warrior!
The orc warrior is severely wounded.
The orc warrior no longer looks unusually strong.
The orc knight roars a battlecry!
The orc warrior goes into a battle-frenzy!
You slash the orc warrior!
You kill the orc warrior!
Trog accepts your kill.
The cyclops throws a large rock.
The large rock hits you!!
You die...

....≈≈≈≈.# #.......≈≈≈≈##........
...≈≈≈≈≈≈# #.......#≈≈.##........
...≈≈≈≈≈≈###.......###..#........
....≈≈≈≈...(...#.### ##.#.####...
.....≈≈.########..## #...# #...
........# #.©.# ##..# #...
........# ##### #).# ####
........# #############.#
........# #.))@©)Co.###.#
........# #..)#####Oo.##.#
........# #... #[#....##.#
........# #.#..([?$.#.##.######
#.##.#### #.##.8}8.##.##.#....#
≈.##.# # #..$_$.. ##.#....#
≈≈##.# ##.8$8$## #.#....# ≈≈≈#.#
#..).... #.#.^..## ≈≈≈≈.# ...#.#.
#>.......


You could see 2 orc knights, a two-headed ogre and a cyclops.

Vanquished Creatures
  An orc warlord (D:13)
  A minotaur (Lab)
  2 hydras (D:11)
  Harold (D:11)
  A centaur warrior (D:13)
  The ghost of Ashiichan the Prestidigitator, a novice DDAr (D:8)
  5 two-headed ogres
  An orc high priest (D:13)
  Sonja (D:13)
  The ghost of Gargoyl the Covered, a novice CeAK of Lugonu (D:7)
  The ghost of strelocc the Skirmisher, a novice OgBe of Trog (D:5)
  An unseen horror (D:11)
  3 orc knights (D:13)
  An orc sorcerer (D:13)
  2 manticores
  2 cyclopes (D:11)
  An orb spider (shapeshifter) (D:13)
  An ugly thing (D:11)
  An elephant (D:9)
  A gargoyle (D:11)
  A kobold demonologist (D:11)
  2 trolls (D:11)
  2 hornets
  4 hippogriffs
  A meliai zombie (D:13)
  2 dream sheep (D:11)
  2 water elementals (D:13)
  4 wraiths
  2 wyverns
  A basilisk (D:9)
  22 yaks
  2 hungry ghosts
  A warg (D:11)
  3 water moccasins
  Duvessa (D:7)
  An acid dragon (D:12)
  5 orc warriors
  5 ice beasts
  A black bear (D:9)
  A necrophage (D:7)
  2 sky beasts
  4 ogres
  3 phantoms
  16 centaurs
  2 eyes of draining
  A crocodile (D:9)
  The ghost of RebellionBird the Firebug, an amateur DrFE (D:3)
  20 big kobolds
  7 bullfrogs
  A gnoll sergeant (D:10)
  6 scorpions
  Dowan (D:7)
  9 wights
  5 electric eels (D:13)
  2 howler monkeys
  2 spriggan skeletons (Lab)
  A troll skeleton (Lab)
  4 crimson imps
  A centaur zombie (D:5)
  3 hounds
  4 jellies
  2 orc priests
  3 bullfrog skeletons
  3 centaur skeletons
  11 orc wizards
  Jessica (D:2)
  4 iguanas
  6 worker ants
  A killer bee zombie (D:5)
  A hound zombie (D:11)
  A hound skeleton (D:11)
  10 adders
  10 gnolls
  A shadow imp (D:10)
  2 adder zombies
  4 worms
  2 dart slugs (D:3)
  4 leopard geckos
  36 orcs
  13 goblins
  5 hobgoblins
  6 jackals
  5 quokkas
  2 ball pythons
  A ball python skeleton (Ossuary)
  6 bats
  4 frilled lizards
  A hobgoblin skeleton (Ossuary)
  A hobgoblin zombie (Ossuary)
  24 kobolds
  2 kobold zombies (Ossuary)
  A leopard gecko skeleton (D:4)
  An orc skeleton (Ossuary)
  An orc zombie (Ossuary)
  A quokka skeleton (D:5)
  10 rats
373 creatures vanquished.

Notes
Turn   | Place    | Note
-------+----------+-------------------------------------------
     0 | D:1      | Bapho the Hill Orc Fighter began the quest for the Orb.
     0 | D:1      | Reached XP level 1. HP: 19/19 MP: 1/1
     9 | D:1      | Noticed an electric eel
     9 | D:1      | Noticed an electric eel
   116 | D:1      | Reached XP level 2. HP: 27/27 MP: 2/2
  1048 | D:2      | Noticed Jessica
  1057 | D:2      | Killed Jessica
  1057 | D:2      | Reached XP level 3. HP: 34/34 MP: 3/3
  1075 | D:2      | Reached XP level 4. HP: 41/41 MP: 4/4
  1086 | D:2      | Reached skill level 5 in Fighting
  1267 | D:2      | Found an ornate altar of the Wu Jian Council.
  1409 | D:2      | Found a basalt altar of Yredelemnul.
  1411 | D:2      | Found a snail-covered altar of Cheibriados.
  1774 | D:3      | Found a white marble altar of Elyvilon.
  1895 | D:3      | Reached skill level 5 in Axes
  1897 | D:3      | Noticed a bullfrog
  1916 | D:3      | Killed a bullfrog
  1916 | D:3      | Reached XP level 5. HP: 20/50 MP: 5/5
  2260 | D:3      | Found an opulent altar of Gozag.
  2600 | D:3      | Noticed an eye of draining
  2612 | D:3      | Killed an eye of draining
  2612 | D:3      | Reached XP level 6. HP: 57/57 MP: 0/6
  2613 | D:3      | Found a bloodstained altar of Trog.
  2675 | D:3      | Became a worshipper of Trog the Wrathful
  2831 | D:3      | Noticed RebellionBird's ghost (amateur DrFE)
  2844 | D:3      | Killed RebellionBird's ghost
  2957 | D:4      | Found a glowing silver altar of Zin.
  3093 | D:4      | Found a sand-covered staircase.
  3134 | D:4      | Reached XP level 7. HP: 49/64 MP: 7/7
  3158 | Ossuary  | Entered an ossuary
  3231 | Ossuary  | Reached * piety under Trog
  3280 | Ossuary  | Noticed a wraith
  3280 | Ossuary  | Noticed a flying skull
  3291 | Ossuary  | Noticed a flying skull
  3313 | Ossuary  | Noticed a flying skull
  3343 | Ossuary  | Noticed a wraith
  3353 | Ossuary  | Killed a wraith
  3491 | Ossuary  | Noticed a wraith
  3507 | Ossuary  | Killed a wraith
  3507 | Ossuary  | Reached skill level 10 in Axes
  3507 | Ossuary  | Reached XP level 8. HP: 41/71 MP: 8/8
  3687 | D:4      | Found a staircase to the Ecumenical Temple.
  4523 | D:5      | Entered Level 5 of the Dungeon
  4678 | D:5      | Reached skill level 1 in Dodging
  4903 | D:5      | Found an iron altar of Okawaru.
  4934 | D:5      | Noticed strelocc's ghost (novice OgBe)
  5223 | D:5      | Reached skill level 4 in Armour
  5357 | D:5      | Killed strelocc's ghost
  5357 | D:5      | Reached skill level 5 in Armour
  5357 | D:5      | Reached XP level 9. HP: 14/78 MP: 9/9
  6656 | D:6      | Found Voreupha's Armour Shoppe.
  7006 | D:6      | Reached skill level 1 in Bows
  7059 | D:6      | Found a shimmering altar of Xom.
  7260 | D:7      | Reached ** piety under Trog
  7313 | D:7      | Noticed Gargoyl's ghost (novice CeAK)
  7318 | D:7      | Noticed Dowan
  7325 | D:7      | Killed Gargoyl's ghost
  7329 | D:7      | Killed Dowan
  7329 | D:7      | Reached skill level 5 in Bows
  7332 | D:7      | Noticed Duvessa
  7369 | D:7      | Killed Duvessa
  7497 | D:7      | Found a glowing golden altar of the Shining One.
  7536 | D:7      | Found a shadowy altar of Dithmenos.
  7565 | D:7      | Noticed a two-headed ogre
  7572 | D:7      | Killed a two-headed ogre
  7572 | D:7      | Reached XP level 10. HP: 84/84 MP: 10/10
  8267 | D:8      | Found Ynaaguck's Gadget Shop.
  8619 | D:8      | Noticed Ashiichan's ghost (novice DDAr)
  8653 | D:8      | Killed Ashiichan's ghost
  9251 | D:8      | Found a hazy altar of Hepliaklqana.
  9625 | D:9      | Reached skill level 6 in Armour
  9633 | D:9      | Reached *** piety under Trog
  9667 | D:9      | Reached skill level 7 in Armour
  9969 | D:9      | Found a stormy altar of Qazlal.
 10003 | D:9      | Reached skill level 8 in Armour
 10031 | D:9      | Reached XP level 11. HP: 91/91 MP: 11/11
 10389 | D:9      | Reached skill level 9 in Armour
 10992 | D:9      | Found a staircase to the Lair.
 11141 | D:9      | You fall through a shaft for 3 floors!
 11141 | D:12     | Found Goremuan's Magic Scroll Boutique.
 11149 | D:12     | Bought a scroll of teleportation for 51 gold pieces
 11149 | D:12     | Bought a scroll of identify for 34 gold pieces
 11196 | D:12     | Reached skill level 10 in Armour
 11544 | D:12     | Found a labyrinth entrance.
 11552 | Lab      | Entered a labyrinth
 11895 | Lab      | Noticed a minotaur
 11917 | Lab      | Killed a minotaur
 11919 | Lab      | Got a bound iron ring
 11920 | Lab      | Got an ivory hunting sling
 11920 | Lab      | Got a pitted broad axe {protect}
 11920 | Lab      | Got twisted gold dragon scales
 11937 | Lab      | Identified the +1 gold dragon scales "Teotorpha" {*Drain rPois rF+ rC+ Regen+ Int+2} (You took it off a minotaur in a labyrinth)
 11937 | Lab      | Identified the +8 broad axe "Dyddil" {protect, rElec rPois MR+} (You took it off a minotaur in a labyrinth)
 11938 | Lab      | Identified the +6 hunting sling of Outrage {flame, +Blink rC+} (You took it off a minotaur in a labyrinth)
 11954 | Lab      | Got a scorched chain mail
 12030 | D:12     | Received a gift from Trog
 12049 | D:12     | Identified the cursed ring "Pyaj" {rPois rF+ rC+++ EV-2 Dex-3} (You took it off a minotaur in a labyrinth)
 12141 | D:12     | Noticed a two-headed ogre
 12151 | D:12     | Killed a two-headed ogre
 12151 | D:12     | Reached skill level 11 in Armour
 12334 | D:12     | Noticed a manticore
 12339 | D:12     | Killed a manticore
 12495 | D:11     | Reached skill level 12 in Armour
 12529 | D:11     | Noticed a manticore
 12541 | D:11     | Killed a manticore
 12607 | D:11     | Noticed a green ugly thing
 12620 | D:11     | Killed a green ugly thing
 12620 | D:11     | Reached **** piety under Trog
 12670 | D:11     | Found a staircase to the Orcish Mines.
 12673 | D:11     | Received a gift from Trog
 12776 | D:11     | Reached XP level 12. HP: 86/97 MP: 12/12
 12793 | D:11     | Reached skill level 1 in Slings
 12893 | D:10     | Entered Level 10 of the Dungeon
 12979 | D:10     | Found Lagotea's Armour Shoppe.
 13176 | D:10     | Noticed a two-headed ogre
 13183 | D:10     | Killed a two-headed ogre
 13609 | D:10     | Noticed a two-headed ogre
 13615 | D:10     | Killed a two-headed ogre
 14153 | Temple   | Entered the Ecumenical Temple
 14358 | D:11     | Reached skill level 5 in Slings
 14431 | D:11     | Reached ***** piety under Trog
 14596 | D:11     | Noticed a six-headed hydra
 14605 | D:11     | Killed a six-headed hydra
 14687 | D:11     | Noticed Harold
 14727 | D:11     | Killed Harold
 14788 | D:11     | Reached XP level 13. HP: 108/112 MP: 11/13
 14801 | D:11     | Received a gift from Trog
 14821 | D:11     | Reached skill level 10 in Fighting
 15584 | D:13     | Noticed Sonja
 15745 | D:13     | Killed Sonja
 16011 | D:13     | Found a transporter.
 16206 | D:13     | Found the +10 Black Knight's horse barding {ponderous, rPois rN+}
 16263 | D:13     | Found Boazong's Distillery.
 16310 | D:13     | Found a shadowy altar of Dithmenos.
 16576 | D:13     | Found a roughly hewn altar of Beogh.
 16602 | D:13     | Noticed an orc warlord
 16801 | D:13     | Killed an orc warlord
 16814 | D:13     | Hit by a large rock thrown by a cyclops

Skill      XL: |  1  2  3  4  5  6  7  8  9 10 11 12 13 |
---------------+----------------------------------------+-----
Axes           | 3 4 5 6 7 10 | 10.9
Fighting       | 4 5 6 9 11 | 11.1
Dodging        | 4 |  4.8
Armour         | 5 8 12 | 12.9
Bows           | 7 9 |  9.0
Slings         | 7 9 |  9.8
Shields        | |  3.2

Action                   |  1- 3 |  4- 6 |  7- 9 | 10-12 | 13-15 || total
-------------------------+-------+-------+-------+-------+-------++-------
Melee: War axe           |    50 |   112 |   279 |   393 |       ||   834
       Broad axe         |       |       |       |   340 |   136 ||   476
 Fire: Hunting sling     |    23 |    54 |    44 |    62 |    81 ||   264
       Shortbow          |       |       |    22 |    56 |       ||    78
Throw: Stone             |    10 |    45 |    70 |    33 |       ||   158
Invok: Berserk           |       |       |     3 |    10 |     2 ||    15
       Trog's Hand       |       |       |     1 |     2 |     3 ||     6
       Brothers in Arms  |       |       |       |       |     1 ||     1
  Use: Scroll            |       |     9 |     2 |    10 |     1 ||    22
       Potion            |       |       |       |     3 |     3 ||     6
  Eat: Chunk             |     1 |     6 |    13 |    53 |     5 ||    78
       Ration            |       |       |     1 |     2 |       ||     3
Armor: Scale mail        |    26 |    53 |    81 |       |       ||   160
       Plate armour      |       |       |    24 |   328 |       ||   352
       Gold dragon scale |       |       |       |   437 |   176 ||   613
Dodge: Dodged            |    25 |    51 |   141 |   255 |    41 ||   513
